 Dungeon Crawl Stone Soup version 0.25.1-2-g60ff931df9 (webtiles) character file.

Game seed: 8923115630306834426

797 axecop the Poker (level 7, -6/59 HPs)
             Began as a Centaur Abyssal Knight on Oct 1, 2020.
             Was an Elder of Lugonu.
             Mangled by Pikel
             ... wielding a +2 whip of electrocution
              (11 damage)
             ... on level 4 of the Dungeon.
             The game lasted 00:07:10 (7520 turns).

axecop the Poker (Centaur Abyssal Knight)           Turns: 7520, Time: 00:07:11

Health: -6/59      AC:  8    Str: 16    XL:     7   Next: 58%
Magic:  10/10      EV:  9    Int: 17    God:    Lugonu [****..]
Gold:   200        SH:  0    Dex:  9    Spells: 6/6 levels left

rFire    . . .     SeeInvis .   a - +1 trident (freeze)
rCold    . . .     Gourm    .   (no shield)
rNeg     . . .     Faith    .   b - +0 leather armour
rPois    .         Spirit   .   y - +0 helmet
rElec    .         Reflect  .   q - +1 cloak {Stlth+}
rCorr    .         Harm     .   (no gloves)
MR       .....                  (no barding)
Stlth    ..........             (no amulet)
HPRegen  0.19/turn              (no ring)
MPRegen  0.12/turn              s - +6 ring of intelligence

@: very quick
A: large, hooves 3, deformed body, speed 2, tough skin 3
a: Depart the Abyss, Bend Space, Banish, Corrupt, Renounce Religion


You were on level 4 of the Dungeon.
You worshipped Lugonu.
Lugonu was greatly pleased with you.
You were not hungry.

You visited 1 branch of the dungeon, and saw 4 of its levels.
You visited the Abyss 1 time.

You collected 200 gold pieces.

Inventory:

Hand Weapons
 a - a +1 trident of freezing (weapon)
 d - a +0 hunting sling
 j - a +1 flail of protection
 k - a +4 quarterstaff of chaos
 l - a +0 shortbow
 n - a +0 club
 p - a +1 dagger of venom
 r - a +0 halberd
 v - a +2 spear
Missiles
 w - 11 arrows
Armour
 b - a +0 leather armour (worn)
 f - cursed +0 ice dragon scales
 q - a +1 cloak of stealth (worn)
 y - a +0 helmet (worn)
Jewellery
 e - a cursed ring of positive energy
 s - a +6 ring of intelligence (right hand)
 t - an uncursed ring of ice
 u - an uncursed ring of wizardry {unknown}
Scrolls
 h - a scroll of enchant weapon
 i - 2 scrolls of magic mapping
Potions
 g - a potion of curing
 m - a potion of stabbing
 o - a potion of ambrosia {unknown}
 x - a potion of lignification {unknown}
Comestibles
 c - 7 rations
 z - 2 chunks of flesh


   Skills:
 + Level 4.0 Fighting
 * Level 5.6 Polearms
 + Level 3.2 Armour
 - Level 0.6 Dodging
 + Level 4.6 Invocations


You had 6 spell levels left.
You didn't know any spells.
Your spell library was empty.

Dungeon Overview and Level Annotations

Branches:
Dungeon (4/15)
 Temple: D:4-7

Altars:
Dithmenos
Elyvilon
Gozag

Annotations:
D:4 Pikel


Innate Abilities, Weirdness & Mutations

You have hooves in place of feet.
Armour fits poorly on your strangely shaped body.
You cover ground very quickly.
You have extremely tough skin. (AC +3)


Message History

Your transformation has ended.
Your +1 trident of freezing unmelds from your body.
Your +1 cloak of stealth unmelds from your body.
Your +0 helmet unmelds from your body.
Your +0 leather armour unmelds from your body.
Your +6 ring of intelligence unmelds from your body.
Your +1 trident of freezing glows with a cold blue light!
You feel stealthy.
You feel clever. Pikel hits you but does no damage.
You are electrocuted!
You hit Pikel but do no damage.
Pikel is severely wounded.
Pikel hits you but does no damage.
You are electrocuted!!
* * * LOW HITPOINT WARNING * * *
You hit Pikel but do no damage. Your kick misses Pikel.
Pikel is severely wounded.
Pikel hits you with a +2 whip of electrocution.
* * * LOW HITPOINT WARNING * * *
You are electrocuted!
You die...

,..........#.###.#.#**####....##*
*###.####..#.# #.#.# *,,,,,* *
#.####..#.###.#.###***,,,,,* *
#.................,,,,,,,,,* *
######......#.#..,,,,,,,,,,* *
#...........#.####**,,*>** *
#.##....#.#.#.##<# #..#,****
#.##........Kp.#.# #..#,,,,*
#.###.###.#@#..#.# #..#,##.# #.#
### #.#.#..#.# #..#.##.# #.#
#........# #..#.##.# #.#
###.#..### #.......# #.#
#.#..#####..#.##.# #.#
#.#...........##.#
*,********#.#.######..#.##.#
*,,,,,,,,,..#.# #......##.#
**********###.# ###........


You could see Pikel and a slave.

Vanquished Creatures
  3 slaves (D:4)
  Purgy (D:4)
  A centaur (D:3)
  A hound (D:4)
  6 orc wizards
  Crazy Yiuf (D:3)
  2 orc priests
  Terence (D:3)
  Natasha (twice) (D:3)
  2 worker ants
  Robin (D:3)
  3 gnolls (D:4)
  3 adders
  2 worms
  3 dart slugs (D:2)
  4 leopard geckos
  18 orcs
  A ball python (D:4)
  6 giant cockroaches
  13 goblins
  14 hobgoblins
  13 jackals
  9 kobolds
  A quokka (D:2)
  6 bats
  7 frilled lizards
  A quokka skeleton (D:4)
  10 rats
135 creatures vanquished.

Notes
Turn   | Place    | Note
-------+----------+-------------------------------------------
     0 | Abyss:1  | axecop the Centaur Abyssal Knight began the quest for the
                  | Orb.
     0 | Abyss:1  | Reached XP level 1. HP: 19/19 MP: 2/2
    34 | Abyss:1  | Found a bloodstained altar of Trog.
    35 | Abyss:1  | Noticed an ancient zyme
    47 | Abyss:1  | Noticed a large abomination
    61 | Abyss:2  | Noticed a raiju
    61 | Abyss:2  | Noticed a raiju
    61 | Abyss:2  | Noticed a raiju
    87 | Abyss:2  | Noticed a raiju
    90 | Abyss:2  | Noticed a large abomination
    91 | D:1      | Escaped the Abyss
   231 | D:1      | Reached skill level 2 in Polearms
   323 | D:1      | Reached XP level 2. HP: 26/26 MP: 3/3
   634 | D:1      | Reached ** piety under Lugonu
   980 | D:1      | Reached skill level 3 in Polearms
   980 | D:1      | Reached XP level 3. HP: 31/31 MP: 4/4
  1935 | D:2      | Reached XP level 4. HP: 38/38 MP: 5/5
  2104 | D:2      | Reached *** piety under Lugonu
  2208 | D:2      | Found a white marble altar of Elyvilon.
  2227 | D:2      | Found an opulent altar of Gozag.
  2465 | D:3      | Noticed a centaur
  3466 | D:3      | Noticed Terence
  3491 | D:3      | Killed Terence
  3491 | D:3      | Reached XP level 5. HP: 39/45 MP: 7/7
  3590 | D:3      | HP: 2/45 [poisoned by an adder]
  3620 | D:1      | HP: 2/45 [poisoned by an adder]
  3628 | D:1      | HP: 1/45 [poisoned by an adder]
  4047 | D:2      | Reached skill level 4 in Polearms
  4097 | D:3      | Killed a centaur
  4362 | D:3      | Noticed Robin
  4808 | D:3      | Killed Robin
  4808 | D:3      | Reached XP level 6. HP: 51/51 MP: 8/8
  4888 | D:3      | Noticed Natasha
  4894 | D:3      | Killed Natasha
  5695 | D:3      | Found a shadowy altar of Dithmenos.
  5789 | D:3      | Found a runed translucent door.
  5790 | D:3      | Noticed Crazy Yiuf
  5893 | D:3      | Killed Crazy Yiuf
  5893 | D:3      | Reached skill level 5 in Polearms
  6103 | D:4      | Noticed Purgy
  6111 | D:4      | Killed Purgy
  6111 | D:4      | Reached XP level 7. HP: 52/57 MP: 10/10
  6290 | D:4      | Reached **** piety under Lugonu
  7293 | D:3      | Noticed Natasha
  7308 | D:3      | Killed Natasha
  7483 | D:4      | Noticed Pikel
  7520 | D:4      | Mangled by Pikel

Illustrated notes

Levels and vault maps discovered:
D:1:      sevenhm_arrival_forest_fort_small_5, layout_basic
D:2:      layout_basic, elyvilon_altar_1, nicolae_gozag_seed_capital,
          first_ration
D:3:      layout_basic, grunt_dithmenos_smoke, uniq_terence,
          uniq_crazy_yiuf_cottage, uniq_robin, uniq_natasha
D:4:      layout_basic, uniq_pikel, uniq_purgy, uniq_edmund

Skill      XL: |  1  2  3  4  5  6  7 |
---------------+----------------------+-----
Polearms       | 2 3 4 5 |  5.6
Armour         | 2 3 |  3.2
Invocations    | 3 4 |  4.6
Fighting       | 4 |  4.0
Dodging        | |  0.6

Action                   |  1- 3 |  4- 6 |  7- 9 || total
-------------------------+-------+-------+-------++-------
Melee: Spear             |   147 |    62 |       ||   209
       Kick              |    20 |    32 |    15 ||    67
       Trident           |       |   145 |   100 ||   245
       Unarmed           |       |       |    18 ||    18
Invok: Bend Space        |       |     2 |     4 ||     6
  Use: Scroll            |       |     8 |       ||     8
       Potion            |       |     4 |     1 ||     5
  Eat: Chunk             |     2 |     9 |     4 ||    15
       Ration            |       |     1 |       ||     1
Armor: Leather armour    |    33 |    68 |    42 ||   143
       Skin              |       |       |     2 ||     2
Dodge: Dodged            |    47 |   116 |    59 ||   222
